 Dungeon Crawl Stone Soup version 0.20.0-15-g7f486f2 (webtiles) character file.

136 Zachthehappycat the Skirmisher (level 5, -7/42 HPs)
             Began as a Formicid Abyssal Knight on June 30, 2017.
             Was a Priest of Lugonu.
             Mangled by a gnoll
             ... wielding a +0 halberd
              (13 damage)
             ... on level 3 of the Dungeon.
             The game lasted 00:16:26 (3086 turns).

Zachthehappycat the Skirmisher (FoAK)               Turns: 3086, Time: 00:16:27

Health: -7/42      AC: 10    Str: 17    XL:     5   Next: 43%
Magic:  7/7        EV: 12    Int: 11    God:    Lugonu [***...]
Gold:   126        SH:  0    Dex: 11    Spells: 4/4 levels left

rFire    . . .     SeeInvis +   y - +1 flail (protect)
rCold    . . .     Gourm    .   (no shield)
rNeg     . . .     Faith    .   b - +0 leather armour
rPois    .         Spirit   .   (helmet unavailable)
rElec    .         Reflect  .   (no cloak)
rCorr    +         Harm     .   (no gloves)
MR       .....                  (no boots)
Stlth    ++........             x - amulet of inaccuracy (curse)
Regen    0.2/turn               k - ring of wizardry
MPRegen  0.1/turn               o - ring of resist corrosion

@: protection aura
A: permanent stasis, dig shafts and tunnels, four strong arms, antennae 3
a: Dig, Shaft Self, Depart the Abyss, Bend Space, Banish, Renounce Religion


You were on level 3 of the Dungeon.
You worshipped Lugonu.
Lugonu was most pleased with you.
You were not hungry.

You visited 1 branch of the dungeon, and saw 3 of its levels.
You visited the Abyss 1 time.

You collected 126 gold pieces.

Inventory:

Hand Weapons
 y - a +1 flail of protection (weapon)
Missiles
 i - 21 poisoned needles
 j - 29 sling bullets
 l - 197 stones (quivered)
 n - 26 arrows
Armour
 b - a +0 leather armour (worn)
Jewellery
 a - an uncursed ring of see invisible
 k - a ring of wizardry (left hand)
 o - a ring of resist corrosion (right hand)
 x - a cursed amulet of inaccuracy (around neck)
Scrolls
 d - 2 scrolls of identify {unknown}
 e - a scroll of enchant weapon {unknown}
 f - 5 scrolls of blinking {unknown}
 g - a scroll of amnesia {unknown}
 h - a scroll of random uselessness {unknown}
 p - 3 scrolls of teleportation {unknown}
 q - a scroll of noise {unknown}
 r - a scroll of fear {unknown}
 u - a scroll of fog {unknown}
 A - a scroll of remove curse {unknown}
Potions
 s - 3 potions of might {unknown}
 t - a potion of heal wounds {unknown}
 v - 5 potions of curing
 w - a potion of ambrosia {unknown}
 z - a potion of invisibility {unknown}
Comestibles
 c - 3 bread rations
 m - a meat ration
 B - 5 chunks of flesh


   Skills:
 + Level 4.1 Fighting
   Level 2.9 Axes
 + Level 0.2(1.7) Maces & Flails
 + Level 3.0 Armour
 + Level 1.7 Dodging
 * Level 2.1 Stealth
 + Level 2.7 Invocations


You had 4 spell levels left.
You didn't know any spells.

Dungeon Overview and Level Annotations

Branches:
Dungeon (3/15)

Altars:
Qazlal
Sif Muna


Innate Abilities, Weirdness & Mutations

You cannot be hasted, slowed, berserked, paralysed or teleported.
You can dig through walls and to a lower floor.
Your four strong arms can wield two-handed weapons with a shield.
You have a pair of large antennae on your head. (SInv)


Message History

Throwing (i - inventory):
l - 198 stones (quivered)
Press: ? - help, Shift-Dir - straight line, f/p - gnoll
Aim: a gnoll, wielding a halberd (heavily wounded)
You throw a stone. The stone hits the gnoll.
The gnoll is heavily wounded.
The gnoll hits you from afar with a halberd.
The gnoll hits you from afar with a halberd.
Found a scroll labeled RAIZATI SO GUY.
The gnoll hits you with a halberd.
You closely miss the gnoll.
The gnoll is heavily wounded.
The gnoll hits you with a halberd!
* * * LOW HITPOINT WARNING * * *
You hit the gnoll but do no damage.
Your weapon exudes an aura of protection.
The gnoll is heavily wounded.
The gnoll closely misses you. The gnoll closely misses you.
The gnoll hits you from afar with a halberd!
You die...

##### ## #### ...#
#? ..# ####.#### #.
###.## #.......# #.
#....#.##.##[##.# #.
#.#..#....รท).##.#
#.##.#..####.#####..
#..@.....###.# #.#
##.###.#.....# #..
#g# #...####### #.#
#g# ###.......# #..
#g# #[......# #.#
#(# #.......# #.#
#.# #.......# #.#
... #.......# #.#
#.# #.......###.#


You could see 3 gnolls.

Vanquished Creatures
  5 adders
  3 worms
  A dart slug (D:1)
  3 leopard geckos
  3 orcs (D:3)
  A ball python (D:2)
  6 giant cockroaches
  9 goblins
  5 hobgoblins
  3 jackals (D:3)
  9 kobolds
  A quokka (D:3)
  10 bats
  5 frilled lizards
  11 rats
75 creatures vanquished.

Notes
Turn   | Place    | Note
-------+----------+-------------------------------------------
     0 | Abyss:1  | Zachthehappycat the Formicid Abyssal Knight began the quest for the Orb.
     0 | Abyss:1  | Reached XP level 1. HP: 18/18 MP: 2/2
    18 | D:1      | Escaped the Abyss
    32 | D:1      | Reached skill level 1 in Dodging
    87 | D:1      | Reached XP level 2. HP: 17/24 MP: 3/3
   385 | D:1      | Reached XP level 3. HP: 27/30 MP: 4/4
   625 | D:1      | Reached ** piety under Lugonu
   897 | D:2      | Found a stormy altar of Qazlal.
  1060 | D:2      | Reached XP level 4. HP: 21/37 MP: 5/5
  1095 | D:2      | Reached skill level 4 in Fighting
  1363 | D:2      | Reached skill level 1 in Stealth
  1892 | D:2      | Found a deep blue altar of Sif Muna.
  2651 | D:3      | Reached XP level 5. HP: 29/42 MP: 6/6
  2992 | D:3      | Reached *** piety under Lugonu
  3086 | D:3      | Mangled by a gnoll

Skill      XL: |  1  2  3  4  5 |
---------------+----------------+-----
Dodging        | 1 |  1.7
Fighting       | 4 |  4.1
Stealth        | 1 2 |  2.1
Armour         | 3 |  3.0
Axes           | |  2.9
Maces & Flails | |  0.2
Invocations    | |  2.7

Action                   |  1- 3 |  4- 6 || total
-------------------------+-------+-------++-------
Melee: Hand axe          |    99 |   108 ||   207
       Flail             |       |    76 ||    76
Throw: Stone             |       |    13 ||    13
  Use: Potion            |       |     2 ||     2
 Stab: Sleeping          |       |     1 ||     1
  Eat: Chunk             |       |     7 ||     7
Armor: Leather armour    |    36 |    48 ||    84
Dodge: Dodged            |    70 |   141 ||   211
